 Dungeon Crawl Stone Soup version 0.22-a0-354-g30dfbe6 (webtiles) character file.

425 Amnesiac the Grave Robber (level 6, -1/45 HPs)
             Began as a Mummy Necromancer on Apr 17, 2018.
             Slain by a hound zombie (2 damage)
             ... in an ossuary.
             The game lasted 00:06:05 (3542 turns).

Amnesiac the Grave Robber (Mummy Necromancer)       Turns: 3542, Time: 00:06:06

Health: -1/45      AC:  7    Str: 17    XL:     6   Next: 64%
Magic:  10/10      EV: 12    Int: 16    God:
Gold:   23         SH:  4    Dex:  8    Spells: 6/10 levels left

rFire    + + .     SeeInvis .   a - +0 hunting sling
rCold    + . .     Gourm    .   g - +0 buckler
rNeg     + + +     Faith    .   j - +3 leather armour "Nulum" {rPois rF+++ Str+5 Dex-4}
rPois    ∞         Spirit   .   f - +0 helmet
rElec    .         Reflect  .   (no cloak)
rCorr    .         Harm     .   (no gloves)
MR       .....                  (no boots)
Stlth    +.........             (no amulet)
HPRegen  0.15/turn              (no ring)
MPRegen  0.12/turn              (no ring)

@: no status effects
A: no food or potions, fire vulnerability, cold resistance 1, negative energy
resistance 3, torment resistance, unbreathing
a: no special abilities


You were in an ossuary.
You were not hungry.

You visited 1 branch of the dungeon, and saw 5 of its levels.
You also visited: Ossuary.

You collected 177 gold pieces.
You spent 154 gold pieces at shops.

Inventory:

Hand Weapons
 a - a +0 hunting sling (weapon)
 b - a +0 dagger of venom
Missiles
 d - 32 sling bullets (quivered)
 i - 40 stones
Armour
 f - a +0 helmet (worn)
 g - a +0 buckler (worn)
 j - the +3 leather armour "Nulum" (worn) {rPois rF+++ Str+5 Dex-4}
   (You bought it in a shop on level 5 of the Dungeon)

   It affects your strength (+5).
   It affects your dexterity (-4).
   It renders you almost immune to fire.
   It protects you from poison.
 m - a +1 ring mail of positive energy
Scrolls
 e - 3 scrolls of identify {!r}
 h - a scroll of remove curse {!r}
 k - a scroll of immolation {!r}
 l - a scroll of blinking {!r}


   Skills:
 + Level 2.3 Fighting
 * Level 3.5 Dodging
 - Level 1.5 Stealth
 - Level 4.0 Shields
 - Level 2.6 Spellcasting
 - Level 4.0 Necromancy


You had 6 spell levels left.
You knew the following spells:

 Your Spells              Type           Power        Failure   Level  Hunger
a - Pain                  Necr           ##..         4%          1    N/A
d - Vampiric Draining     Necr           ##........   14%         3    N/A

Dungeon Overview and Level Annotations

Branches:
Dungeon (5/15)
 Temple: D:4-7

Altars:
Elyvilon
Xom

Shops:
D:5 [

Annotations:
D:5 Edmund


Innate Abilities, Weirdness & Mutations

You do not eat or drink.
Your flesh is vulnerable to fire.
You are immune to poison.
Your flesh is cold resistant. (rC+)
You are immune to negative energy. (rN+++)
You are immune to unholy pain and torment.
You can survive without breathing.


Message History

You shoot a sling bullet.
The sling bullet hits the jackal zombie.
The jackal zombie is moderately damaged.
The jackal zombie completely misses you.
A hound zombie comes into view.
Firing (i - inventory. (/) - cycle)
d - 39 sling bullets (quivered)
Press: ? - help, Shift-Dir - straight line, f/p - jackal zombie
Aim: a jackal zombie (moderately damaged)
You shoot a sling bullet. The sling bullet hits the mummy!
The mummy is severely damaged.
The jackal zombie barely misses you. x2
Firing (i - inventory. (/) - cycle)
d - 38 sling bullets (quivered)
Press: ? - help, Shift-Dir - straight line, f/p - mummy
Aim: a mummy (severely damaged)
You shoot a sling bullet.
The sling bullet barely misses the mummy.
The mummy hits you! The jackal zombie closely misses you.
The hound zombie misses you.
Firing (i - inventory. (/) - cycle)
d - 37 sling bullets (quivered)
Press: ? - help, Shift-Dir - straight line, f/p - mummy
Aim: a mummy (severely damaged)
You shoot a sling bullet.
The sling bullet hits the mummy but does no damage.
The mummy is severely damaged.
The jackal zombie misses you.
The hound zombie bites you but does no damage.
The mummy closely misses you.
A quokka zombie comes into view.
Firing (i - inventory. (/) - cycle)
d - 36 sling bullets (quivered)
Press: ? - help, Shift-Dir - straight line, f/p - mummy
Aim: a mummy (severely damaged)
You shoot a sling bullet.
The sling bullet barely misses the mummy.
The jackal zombie bites you but does no damage.
The hound zombie closely misses you.
The hound zombie bites you but does no damage.
The jackal zombie completely misses you.
The mummy hits you!!
* * * LOW HITPOINT WARNING * * *
Firing (i - inventory. (/) - cycle)
d - 35 sling bullets (quivered)
Press: ? - help, Shift-Dir - straight line, f/p - mummy
Aim: a mummy (severely damaged)
You shoot a sling bullet.
The sling bullet closely misses the mummy.
The jackal zombie barely misses you.
The hound zombie bites you but does no damage.
Firing (i - inventory. (/) - cycle)
d - 34 sling bullets (quivered)
Press: ? - help, Shift-Dir - straight line, f/p - mummy
Aim: a mummy (severely damaged)
You shoot a sling bullet.
The sling bullet completely misses the mummy.
The hound zombie misses you. The jackal zombie barely misses you.
The mummy hits you!
* * * LOW HITPOINT WARNING * * *
The hound zombie bites you but does no damage.
The jackal zombie misses you.
Firing (i - inventory. (/) - cycle)
d - 33 sling bullets (quivered)
Press: ? - help, Shift-Dir - straight line, f/p - mummy
Aim: a mummy (severely damaged)
You shoot a sling bullet.
The sling bullet hits the mummy but does no damage.
The mummy is severely damaged.
The hound zombie bites you.
You die... ##### #.@∩# #ZZM#

#.Z.#
##(##
.((.
#'#(#+
#. .#
## ##


You could see a mummy, a quokka zombie, a jackal zombie and a hound zombie.

Vanquished Creatures
  The ghost of Anon1729 the Firebug, an amateur OpFE (D:3)
  2 bullfrog zombies
  A centaur zombie (Ossuary)
  A hound (D:3)
  A worker ant (D:3)
  A hound zombie (Ossuary)
  2 mummies (Ossuary)
  A worker ant zombie (Ossuary)
  2 adders
  An ooze (D:1)
  4 worms (D:2)
  A dart slug (D:2)
  2 leopard geckos
  10 bats
  5 giant cockroaches
  8 goblins
  14 hobgoblins
  5 jackals
  8 kobolds
  5 frilled lizards
  10 rats
85 creatures vanquished.

Vanquished Creatures (others)
  4 toadstools (D:1)
  A withered plant (Ossuary)
5 creatures vanquished.

Grand Total: 90 creatures vanquished

Notes
Turn   | Place    | Note
-------+----------+-------------------------------------------
     0 | D:1      | Amnesiac the Mummy Necromancer began the quest for the Orb.
     0 | D:1      | Reached XP level 1. HP: 13/13 MP: 4/4
   369 | D:1      | Reached XP level 2. HP: 20/20 MP: 2/5
   574 | D:1      | Reached skill level 1 in Fighting
   915 | D:1      | Reached XP level 3. HP: 8/26 MP: 5/7
   920 | D:1      | Learned a level 3 spell: Vampiric Draining
  1718 | D:2      | Reached XP level 4. HP: 31/33 MP: 8/8
  2196 | D:3      | Reached skill level 1 in Shields
  2314 | D:3      | Reached XP level 5. HP: 38/38 MP: 9/9
  2382 | D:3      | Noticed Anon1729's ghost (amateur OpFE)
  2553 | D:3      | Found a white marble altar of Elyvilon.
  2732 | D:3      | Killed Anon1729's ghost
  2732 | D:3      | Reached XP level 6. HP: 26/44 MP: 10/10
  2955 | D:4      | Noticed Edmund
  2960 | D:5      | Entered Level 5 of the Dungeon
  3032 | D:5      | Found a blossoming altar of Fedhas.
  3032 | D:5      | Found a radiant altar of Vehumet.
  3032 | D:5      | Found a shimmering altar of Xom.
  3032 | D:5      | Found an iron altar of Okawaru.
  3032 | D:5      | Found a blossoming altar of Fedhas.
  3032 | D:5      | Found a shattered altar of Ashenzari.
  3128 | D:5      | Found Leymur's Antique Armour Boutique.
  3134 | D:5      | Bought a bloodstained leather armour for 154 gold pieces
  3144 | D:5      | Identified the +3 leather armour "Nulum" {rPois rF+++ Str+5 Dex-4} (You bought it in a shop on level 5 of the Dungeon)
  3179 | D:5      | Found a sand-covered staircase.
  3188 | Ossuary  | Entered an ossuary
  3541 | Ossuary  | HP: 1/45 [mummy (12)]
  3542 | Ossuary  | Slain by a hound zombie

Vault maps used:
D:1:      ldierk_water_garden
D:3:      elyvilon_altar_1
D:4:      chequers_temple_overflow_statue_of_worship, uniq_edmund
D:5:      doesnt_xom_only_xom, first_ration, enter_ossuary_3, serial_shops,
          nicolae_shop_crystal
Ossuary:  ossuary_zaba_flooded

Skill      XL: |  1  2  3  4  5  6 |
---------------+-------------------+-----
Dodging        | 2 3 |  3.5
Fighting       | 1 2 |  2.3
Shields        | 1 3 4 |  4.0
Stealth        | |  1.5
Spellcasting   | |  2.6
Necromancy     | |  4.0

Action                   |  1- 3 |  4- 6 || total
-------------------------+-------+-------++-------
Melee: Unarmed           |     7 |       ||     7
 Fire: Hunting sling     |    83 |   216 ||   299
 Cast: Pain              |    43 |       ||    43
       Vampiric Draining |       |     1 ||     1
  Use: Scroll            |       |     6 ||     6
Armor: Robe              |    25 |     4 ||    29
       Ring mail         |       |    16 ||    16
       Leather armour    |       |    22 ||    22
Dodge: Dodged            |    45 |    77 ||   122
Block: Buckler           |       |    20 ||    20

Table legend:
 A = Spawn XP
 B = Non-spawn XP
 C = Spawn XP percentage of total XP
 D = Spawn monster count
 E = Non-spawn monster count
 F = Spawn count percentage of total count
 G = Total turns spent on level
                    A         B        C        D         E        F      G
               +---------+---------+-------+---------+---------+-------+---------
         Total |       0 |     608 |   0.0 |       0 |      85 |   0.0 |  3542
               +---------+---------+-------+---------+---------+-------+---------
           D:1 |       0 |      43 |   0.0 |       0 |      25 |   0.0 |  1450
           D:2 |       0 |      83 |   0.0 |       0 |      30 |   0.0 |   659
           D:3 |       0 |     276 |   0.0 |       0 |      23 |   0.0 |   839
           D:5 |       0 |      45 |   0.0 |       0 |       1 |   0.0 |   228
       Ossuary |       0 |     161 |   0.0 |       0 |       6 |   0.0 |   354
               +---------+---------+-------+---------+---------+-------+---------
